 Dungeon Crawl Stone Soup version 0.18.1-1-g2f07953 (webtiles) character file.

350 Jikkuryuu the Sneak (level 6, -2/66 HPs)
             Began as an Octopode Berserker on Oct 18, 2016.
             Was a Priest of Trog.
             Slain by Grinder (4 damage)
             ... on level 5 of the Dungeon.
             The game lasted 00:31:15 (1812 turns).

Jikkuryuu the Sneak (Octopode Berserker)            Turns: 1812, Time: 00:31:16

Health: -2/66      AC:  1    Str: 26    XL:     6   Next: 61%
Magic:  6/6        EV: 13    Int: 11    God:    Trog [***...]
Gold:   160        SH:  0    Dex: 17    Spells: 0 memorised, 5 levels left

rFire  . . .     SeeInvis .       - Unarmed
rCold  . . .     Gourm    .     (no shield)
rNeg   . . .     Faith    .     (helmet restricted)
rPois  .         Spirit   .     (no amulet)
rElec  .         Dismiss  .     k - +2 ring of intelligence
rCorr  .         Reflect  .     v - +4 ring of dexterity
SustAt .         Harm     .     E - +4 ring of strength
MR     ++...                    (no ring)
Stlth  ..........               (no ring)
                                (no ring)
                                (no ring)
                                (no ring)

@: berserking, regenerating, very quick, very resistant to hostile enchantments,
extremely unstealthy
A: almost no armour, amphibious, 8 rings, constrict 8, camouflage 1, gelatinous
body 1
a: Berserk, Trog's Hand, Burn Spellbooks, Renounce Religion


You were on level 5 of the Dungeon.
You worshipped Trog.
Trog was most pleased with you.
You were hungry.

You visited 1 branch of the dungeon, and saw 5 of its levels.

You collected 160 gold pieces.

Inventory:

Hand Weapons
 d - a +0 hunting sling
 f - a +0 dagger of freezing
 h - a +2 short sword of venom
 n - a +0 dagger of draining
Missiles
 b - 27 sling bullets
 g - 83 arrows
 y - 8 tomahawks (quivered)
Jewellery
 k - a +2 ring of intelligence (left tentacle)
 m - an uncursed ring of ice
 v - a +4 ring of dexterity (right tentacle)
 E - a +4 ring of strength (on tentacle)
Wands
 A - a wand of lightning (4/15)
Scrolls
 e - a scroll of recharging {unknown}
 j - a scroll of fear {unknown}
 o - 3 scrolls of identify
 q - a scroll of fog {unknown}
 t - 2 scrolls of remove curse {unknown}
 w - a scroll of enchant armour {unknown}
Potions
 c - a potion of berserk rage {unknown}
 i - a potion of curing {unknown}
 l - 2 potions of flight
 p - a potion of might {unknown}
 u - 2 potions of brilliance {unknown}
 z - a potion of agility {unknown}
Books
 C - a book of Maledictions

   Spells                             Type                      Level
   a - Corona                         Hexes                        1
   b - Ensorcelled Hibernation        Hexes/Ice                    2
   c - Confuse                        Hexes                        3
   d - Tukima's Dance                 Hexes                        3
   e - Dazzling Spray                 Conjuration/Hexes            3
   Trog disapproves of the use of such an item.
Comestibles
 a - 2 bread rations
 r - a royal jelly
 s - a meat ration
 x - 3 fruits
 B - 2 beef jerkies
 D - 5 chunks of flesh


   Skills:
 + Level 4.3 Fighting
 - Level 3.0 Dodging
 + Level 5.3 Stealth
 * Level 5.1 Unarmed Combat


You had 5 spell levels left.
You didn't know any spells.

Dungeon Overview and Level Annotations

Branches:
Dungeon (5/15)
 Temple: D:4-7

Altars:
Cheibriados
Elyvilon
Kikubaaqudgha
Pakellas
Zin

Annotations:
D:5 Grinder


Innate Abilities, Weirdness & Mutations

You cannot wear most types of armour.
You are amphibious.
You can wear up to eight rings at the same time.
You can use your tentacles to constrict eight enemies at once.
Your skin changes colour to match your surroundings (Stealth).
Your rubbery body absorbs attacks (AC +1).


Message History

Your skin crawls.
You feel resistant to hostile enchantments.
You feel slightly more hungry. Grinder hits you.
You writhe in agony.
* * * LOW HITPOINT WARNING * * *
A red film seems to cover your vision as you go berserk!
You feel yourself moving faster!
You feel mighty!
You are feeling hungry.
Grinder hits you!
* * * LOW HITPOINT WARNING * * *
You writhe in agony.
* * * LOW HITPOINT WARNING * * *
You tentacle-slap Grinder. You grab Grinder. You tentacle-slap Grinder!
Grinder is severely wounded.
You constrict Grinder. You barely miss Grinder.
Grinder is severely wounded.
You constrict Grinder. Grinder hits you!
* * * LOW HITPOINT WARNING * * *
You writhe in agony.
You die...

################
........<$......
.......@........
......5.........
.......!........
......##....##..
...... #....# #
###### #....#
#....# ....#


You could see Grinder.

Vanquished Creatures
  The ghost of dsb250 the Chopper, an amateur DsBe of Trog (D:3)
  A centaur skeleton (D:4)
  2 orc wizards (D:4)
  5 adders
  An ooze (D:1)
  2 dart slugs
  A giant gecko (D:2)
  6 orcs
  4 bats
  4 giant cockroaches
  6 goblins
  8 hobgoblins
  10 jackals
  9 kobolds
  4 quokkas
  4 giant newts
  4 rats
72 creatures vanquished.

Vanquished Creatures (others)
  A bat (D:2)
1 creature vanquished.

Grand Total: 73 creatures vanquished

Notes
Turn   | Place    | Note
--------------------------------------------------------------
     0 | D:1      | Jikkuryuu the Octopode Berserker began the quest for the Orb.
     0 | D:1      | Reached XP level 1. HP: 16/16 MP: 1/1
   163 | D:1      | Reached XP level 2. HP: 16/21 MP: 2/2
   320 | D:1      | You fall through a shaft!
   349 | D:2      | Reached skill level 1 in Stealth
   356 | D:2      | Reached XP level 3. HP: 22/26 MP: 3/3
   372 | D:2      | Found a white marble altar of Elyvilon.
   410 | D:2      | Reached ** piety under Trog
   597 | D:2      | Found an ancient bone altar of Kikubaaqudgha.
   701 | D:2      | Reached XP level 4. HP: 27/33 MP: 4/4
   751 | D:2      | Found a glowing silver altar of Zin.
   751 | D:2      | Found an oddly glowing altar of Pakellas.
  1253 | D:3      | Found a snail-covered altar of Cheibriados.
  1467 | D:3      | Reached *** piety under Trog
  1531 | D:3      | Noticed dsb250's ghost (amateur DsBe)
  1548 | D:3      | Killed dsb250's ghost
  1548 | D:3      | Reached XP level 5. HP: 37/37 MP: 5/5
  1548 | D:3      | Reached XP level 6. HP: 43/43 MP: 6/6
  1740 | D:3      | You fall through a shaft!
  1745 | D:4      | Reached skill level 5 in Unarmed Combat
  1753 | D:4      | Reached skill level 5 in Stealth
  1792 | D:5      | Entered Level 5 of the Dungeon
  1802 | D:5      | Noticed Grinder
  1805 | D:5      | Paralysed by Grinder for 3 turns
  1812 | D:5      | HP: 2/66 [Grinder (8)]
  1812 | D:5      | Slain by Grinder

Skill      XL: |  1  2  3  4  5  6 |
---------------+-------------------+-----
Stealth        | 1 2 4 5 |  5.3
Fighting       | 4 |  4.3
Unarmed Combat | 4 5 |  5.1
Dodging        | |  3.0

Action                   |  1- 3 |  4- 6 || total
-------------------------+-------+-------++-------
Melee: Unarmed           |    68 |    76 ||   144
       Constrict         |    17 |    18 ||    35
       Tentacles         |    11 |    18 ||    29
       Punch             |     1 |     4 ||     5
Invok: Berserk           |     1 |     3 ||     4
       Trog's Hand       |       |     4 ||     4
Evoke: Wand              |       |     2 ||     2
  Use: Scroll            |       |     1 ||     1
       Potion            |       |     1 ||     1
 Stab: Sleeping          |     6 |     9 ||    15
  Eat: Chunk             |       |     6 ||     6
Armor: Skin              |     2 |     6 ||     8
Dodge: Dodged            |    35 |    39 ||    74
